 Dungeon Crawl Stone Soup version 0.31-a0-844-gdc52ec4e09 (webtiles) character file.

Game seed: 4866297408720363262

270 lonewolfV2 the Chopper (level 6, -10/48 HPs)
             Began as a Human Fighter on Sept 29, 2023.
             Killed by divine providence
             ... invoked by an orc priest
              (12 damage)
             ... on level 3 of the Dungeon.
             The game lasted 00:02:07 (1851 turns).

lonewolfV2 the Chopper (Human Fighter)              Turns: 1851, Time: 00:02:07

Health: -10/48     AC:  7    Str: 18    XL:     6   Next: 47%
Magic:  6/6        EV:  9    Int:  9    God:
Gold:   202        SH:  0    Dex: 12    Spells: 5/5 levels left

rFire   . . .        a - +1 war axe
rCold   . . .        c - +0 buckler
rNeg    . . .        b - +0 scale mail
rPois   .            (no helmet)
rElec   .            (no cloak)
rCorr   .            (no gloves)
SInv    .            (no boots)
Will    .....        (no amulet) Stlth
                     (no ring)
HPRegen 0.28/turn    (no ring)
MPRegen 0.10/turn

%: no passive effects
@: confused, mighty, brilliant
A: no striking features
a: no special abilities


You were on level 3 of the Dungeon.
You visited 1 branch of the dungeon, and saw 3 of its levels.

You collected 202 gold pieces.

Inventory:

Hand Weapons
 a - a +1 war axe (weapon)
Armour
 b - a +0 scale mail (worn)
 c - a +0 buckler (worn)
Jewellery
 i - an amulet of guardian spirit
Scrolls
 f - 2 scrolls of enchant weapon
 g - 3 scrolls of enchant armour
 l - a scroll of teleportation {unknown}
Potions
 e - a potion of curing {unknown}
 k - a potion of mutation {unknown}


   Skills:
 + Level 4.0 Fighting
 + Level 4.2 Axes
 + Level 4.1 Armour
 + Level 1.2 Dodging
 + Level 0.2 Stealth
 + Level 3.5 Shields


You had 5 spell levels left.
You didn't know any spells.
Your spell library was empty.

Dungeon Overview and Level Annotations

Branches:
Dungeon (3/15)

Altars:


Message History

You hit the orc.
The orc is moderately wounded.
The orc hits you but does no damage.
The orc priest mumbles some strange prayers to Beogh against you.
Beogh smites you!
You hit the orc.
The orc is almost dead.
The orc completely misses you.
You slash the orc!
You kill the orc!
Something hits you but does no damage.
You miss something.
The orc priest calls down the wrath of Beogh upon you.
Beogh smites you! Something hits you but does no damage.
You hit something. You block something's attack.
You closely miss something. Something hits you but does no damage.
The orc priest invokes the aid of Beogh against you.
Beogh smites you!
You hear some strange, mumbled words.
Something tries to affect you, but you resist.
The orc priest invokes the aid of Beogh against you.
Something writhes in agony.
You hit something. Something hits you.
You miss something. Something hits you.
The orc priest calls down the wrath of Beogh upon you.
Beogh smites you!
* * * LOW HITPOINT WARNING * * *
You closely miss something.
You hear some strange, mumbled words.
Something tries to affect you, but you resist.
You block something's attack.
You feel clever all of a sudden.
You hear some strange, mumbled words.
You are confused.
You feel very mighty all of a sudden. Something hits you but does no damage.
You miss something.
The orc priest mumbles some strange prayers to Beogh against you.
Beogh smites you!
You die...

### ..# ..# ##### . ..#
#..[# ...
..###########...###.....
................@{oo....
.)###########...###.....
..# #...# ... ..# #?..#
. ..# #...# ### #...#
#####


You could see an orc priest and an orc.

Vanquished Creatures
  Sigmund (D:3)
  Jessica (D:2)
  3 adders
  A worm (D:2)
  A dart slug (D:1)
  2 orcs (D:3)
  3 endoplasms
  3 giant cockroaches
  4 goblins
  4 hobgoblins
  6 jackals (D:1)
  5 ball pythons
  5 bats
  2 frilled lizards
  4 kobolds
  12 rats
57 creatures vanquished.

Notes
Turn   | Place    | Note
-------+----------+-------------------------------------------
     0 | D:1      | lonewolfV2 the Human Fighter began the quest for the Orb.
     0 | D:1      | Reached XP level 1. HP: 18/18 MP: 1/1
   168 | D:1      | Reached XP level 2. HP: 24/24 MP: 2/2
   335 | D:1      | Reached XP level 3. HP: 29/29 MP: 3/3
   960 | D:2      | Noticed Jessica
   965 | D:2      | Killed Jessica
   966 | D:2      | Reached XP level 4. HP: 31/35 MP: 4/4
  1600 | D:3      | Reached XP level 5. HP: 33/42 MP: 5/5
  1656 | D:3      | Noticed Sigmund
  1663 | D:3      | Killed Sigmund
  1664 | D:3      | Reached skill level 1 in Dodging
  1664 | D:3      | Reached XP level 6. HP: 42/48 MP: 6/6
  1847 | D:3      | HP: 1/48 [orc priest/divine providence (16)]
  1851 | D:3      | Killed from afar by an orc priest

Illustrated notes

Levels and vault maps discovered:
D:1:      sevenhm_arrival_forest_fort_large_2, layout_basic,
          serial_corexii_hall, corexii_hall_statues_i,
          corexii_hall_statues_deadend, corexii_hall_statues_i,
          corexii_hall_statues_l, corexii_hall_statues_l,
          corexii_hall_statues_deadend, minmay_rat_gold_closets
D:2:      layout_basic, uniq_jessica
D:3:      layout_basic, kennysheep_generic_room_14, uniq_sigmund

Skill      XL: |  1  2  3  4  5 |
---------------+----------------+-----
Axes           | 3 4 |  4.2
Fighting       | 4 |  4.0
Armour         | 4 |  4.1
Dodging        | 1 |  1.2
Stealth        | |  0.2
Shields        | |  3.5

Action                     |  1- 3 |  4- 6 || total
---------------------------+-------+-------++-------
  Melee: War axe           |    56 |    74 ||   130
    Use: Scroll            |     4 |     3 ||     7
         Potion            |       |     4 ||     4
 Armour: Scale mail        |    61 |    51 ||   112
  Dodge: Dodged            |    37 |    28 ||    65
  Block: Buckler           |    16 |    15 ||    31

Table legend: (Time is in decaauts)
 A = Elapsed time spent in this place.
 B = Non-inter-level travel time spent in this place.
 C = Inter-level travel time spent in this place.
 D = Time resting spent in this place.
 E = Time spent auto-exploring this place.
 F = Levels seen in this place.
 G = Mean time per level.
                   A        B        C        D        E       F      G
               +--------+--------+--------+--------+--------+-----+--------+
         Total |   1901 |   1840 |     61 |      0 |   1390 |   3 |  633.7 |
       Dungeon |   1901 |   1840 |     61 |      0 |   1390 |   3 |  633.7 |
               +--------+--------+--------+--------+--------+-----+--------+

Top non-repeatable levels by time:
     D:1: 933 daAuts
     D:2: 695 daAuts
     D:3: 271 daAuts
